 Dungeon Crawl Stone Soup version 0.20.1-1-g8b1a95d (webtiles) character file.

1585 Peloso the Slasher (level 8, -6/72 HPs)
             Began as a Deep Dwarf Fighter on Aug 15, 2017.
             Was a Believer of Okawaru.
             Mangled by a two-headed ogre
             ... wielding a +0 giant club
              (12 damage)
             ... on level 6 of the Dungeon.
             The game lasted 00:17:28 (5255 turns).

Peloso the Slasher (Deep Dwarf Fighter)             Turns: 5255, Time: 00:17:29

Health: -6/72      AC: 10    Str: 22    XL:     8   Next: 61%
Magic:  7/7        EV:  9    Int:  9    God:    Okawaru [**....]
Gold:   340        SH:  0    Dex: 12    Spells: 7/7 levels left

rFire    . . .     SeeInvis .   F - +4 great sword
rCold    . . .     Gourm    .   (shield currently unavailable)
rNeg     . . .     Faith    .   s - -1 chain mail
rPois    .         Spirit   .   (no helmet)
rElec    .         Reflect  .   (no cloak)
rCorr    .         Harm     .   j - +0 pair of gloves
MR       +....                  (no boots)
Stlth    ..........             v - amulet of magic regeneration
Regen    0.0/turn               (no ring)
MPRegen  0.2/turn               (no ring)

@: non-regenerating
A: damage resistance, heal wounds, sense surroundings 1, no regeneration
a: Heal Wounds, Heroism, Renounce Religion


You were on level 6 of the Dungeon.
You worshipped Okawaru.
Okawaru was pleased with you.
You were not hungry.

You visited 2 branches of the dungeon, and saw 7 of its levels.
You also visited: Sewer.

You collected 340 gold pieces.

Inventory:

Hand Weapons
 a - a +0 long sword
 F - a +4 great sword (weapon)
 H - a +2 falchion of freezing
 I - a cursed -3 short sword
Armour
 c - a +0 shield
 j - a +0 pair of gloves (worn)
 s - a -1 chain mail (worn)
 E - a +0 chain mail
Jewellery
 v - an amulet of magic regeneration (around neck)
Wands
 r - a wand of iceblast (6/15)
 t - a wand of lightning (5/15)
 z - a wand of confusion (24/48)
Scrolls
 d - a scroll of blinking
 e - a scroll of immolation {unknown}
 g - a scroll of remove curse
 i - a scroll of teleportation
 l - 2 scrolls of fog {unknown}
 p - a scroll of fear {unknown}
 x - 3 scrolls of identify
 y - a scroll of amnesia {unknown}
 B - a scroll of magic mapping {unknown}
 C - a scroll of noise {unknown}
 D - 2 scrolls of enchant armour {unknown}
Potions
 h - 2 potions of heal wounds
 m - 5 potions of curing
 n - 2 potions of cancellation
 o - a potion of brilliance
 q - 2 potions of haste
 u - a potion of berserk rage {unknown}
 A - 2 potions of resistance {unknown}
Books
 b - a Young Poisoner's Handbook

   Spells                             Type                      Level
   a - Sting                          Conjuration/Poison           1
   b - Poisonous Vapours              Poison/Air                   2
   c - Mephitic Cloud                 Conjuration/Poison/Air       3
   d - Olgreb's Toxic Radiance        Poison                       4
   e - Venom Bolt                     Conjuration/Poison           5
 J - a book of Minor Magic

   Spells                             Type                      Level
   a - Magic Dart                     Conjuration                  1
   b - Blink                          Translocation                2
   c - Call Imp                       Summoning                    2
   d - Slow                           Hexes                        2
   e - Conjure Flame                  Conjuration/Fire             3
   f - Mephitic Cloud                 Conjuration/Poison/Air       3
Comestibles
 f - 4 bread rations
 k - 4 royal jellies
 w - 5 fruits
 G - 3 chunks of flesh


   Skills:
 + Level 4.2 Fighting
 + Level 7.1 Long Blades
 + Level 6.2 Armour
 + Level 2.9 Dodging
 + Level 1.5 Stealth
 + Level 6.1 Shields
 + Level 0.3 Invocations
 + Level 1.1 Evocations


You had 7 spell levels left.
You didn't know any spells.

Dungeon Overview and Level Annotations

Branches:
Dungeon (6/15)             Temple (1/1) D:4

Altars:
Dithmenos
Elyvilon
Fedhas
Makhleb
Okawaru
Sif Muna
Uskayaw
Yredelemnul
Zin


Innate Abilities, Weirdness & Mutations

You are resistant to damage.
You can heal yourself by infusing magical energy.
You passively map a small area around you.
You do not regenerate.


Message History

A two-headed ogre comes into view.
It is wielding a giant club and a giant spiked club.
The two-headed ogre shouts in stereo!
You slice the two-headed ogre!!
The two-headed ogre is moderately wounded.
The two-headed ogre hits you but does no damage.
The two-headed ogre hits you with a giant spiked club!
You hit the two-headed ogre.
The two-headed ogre is moderately wounded.
The two-headed ogre hits you with a giant club!
The two-headed ogre closely misses you.
You hit the two-headed ogre but do no damage.
The two-headed ogre is moderately wounded.
The two-headed ogre hits you with a giant club!
* * * LOW HITPOINT WARNING * * *
The two-headed ogre hits you with a giant spiked club!
* * * LOW HITPOINT WARNING * * *
You slash the two-headed ogre!
The two-headed ogre is severely wounded.
The two-headed ogre hits you with a giant club!
You die...

####
...,,,##########
####O####.#.........
#..@....#.#<########
#.#####.#.#.#* *
#########.# *,#.#.#
, ,. #.........#
#.#.##.# *#
#.#######รท#
#.#.##.# #.# #.#
#.#.##.# #.#
#.......#.#.##.# #.#
#########.#.##.# #.#
#.#.##.#####


You could see a two-headed ogre.

Vanquished Creatures
  An orc warrior (D:6)
  A phantom (D:6)
  A centaur (D:4)
  An ogre (D:4)
  4 bullfrogs
  A scorpion (D:5)
  5 wights (D:6)
  A howler monkey (D:5)
  6 crimson imps
  A centaur zombie (D:6)
  A hound (D:5)
  A bullfrog zombie (D:5)
  2 iguanas (D:6)
  Terence (D:3)
  2 worker ants (D:5)
  A hound skeleton (D:6)
  8 adders
  6 oozes (Sewer)
  An adder skeleton (D:6)
  A worm (D:5)
  A dart slug (D:1)
  14 leopard geckos
  9 orcs
  10 bats
  15 giant cockroaches
  8 goblins
  6 hobgoblins
  5 jackals
  3 quokkas
  11 ball pythons
  25 frilled lizards
  5 kobolds
  A leopard gecko zombie (D:5)
  12 rats
171 creatures vanquished.

Notes
Turn   | Place    | Note
-------+----------+-------------------------------------------
     0 | D:1      | Peloso the Deep Dwarf Fighter began the quest for the Orb.
     0 | D:1      | Reached XP level 1. HP: 20/20 MP: 1/1
    44 | D:1      | Reached XP level 2. HP: 25/27 MP: 2/2
   582 | D:2      | Reached XP level 3. HP: 32/34 MP: 3/3
   930 | D:2      | Found a glowing silver altar of Zin.
  1223 | D:3      | Found a glowing drain.
  1243 | Sewer    | Entered a sewer
  1310 | Sewer    | Reached XP level 4. HP: 28/42 MP: 4/4
  1948 | Sewer    | Reached skill level 3 in Long Blades
  1973 | Sewer    | Reached skill level 1 in Stealth
  2030 | Sewer    | Reached XP level 5. HP: 37/49 MP: 5/5
  2350 | Sewer    | Reached skill level 1 in Dodging
  2364 | Sewer    | Reached XP level 6. HP: 16/56 MP: 6/6
  2476 | D:3      | Reached skill level 4 in Long Blades
  2544 | D:3      | Noticed Terence
  2558 | D:3      | Killed Terence
  2617 | D:3      | Found a shadowy altar of Dithmenos.
  3400 | D:4      | Reached skill level 5 in Shields
  3533 | D:4      | Found a staircase to the Ecumenical Temple.
  3536 | D:4      | Reached XP level 7. HP: 59/62 MP: 6/6
  3545 | Temple   | Entered the Ecumenical Temple
  3555 | Temple   | Became a worshipper of Warmaster Okawaru
  3839 | D:5      | Entered Level 5 of the Dungeon
  3879 | D:5      | Reached skill level 5 in Long Blades
  4053 | D:5      | Reached skill level 5 in Armour
  4122 | D:5      | Reached skill level 1 in Evocations
  4617 | D:6      | Reached * piety under Okawaru
  4636 | D:6      | Reached XP level 8. HP: 66/72 MP: 7/7
  4657 | D:6      | Reached skill level 6 in Long Blades
  5239 | D:6      | Reached ** piety under Okawaru
  5239 | D:6      | Reached skill level 7 in Long Blades
  5251 | D:6      | Noticed a two-headed ogre
  5255 | D:6      | Mangled by a two-headed ogre

Skill      XL: |  1  2  3  4  5  6  7  8 |
---------------+-------------------------+-----
Fighting       | 3 4 |  4.2
Shields        | 4 5 6 |  6.1
Long Blades    | 3 4 5 7 |  7.1
Stealth        | 1 |  1.5
Armour         | 4 5 6 |  6.2
Dodging        | 1 2 |  2.9
Evocations     | 1 |  1.1
Invocations    | |  0.3

Action                   |  1- 3 |  4- 6 |  7- 9 || total
-------------------------+-------+-------+-------++-------
Melee: Long sword        |   175 |   234 |   182 ||   591
       Great sword       |       |       |    48 ||    48
Invok: Heroism           |       |       |     1 ||     1
 Abil: Heal Wounds       |       |     4 |     2 ||     6
Evoke: Wand              |       |     4 |     1 ||     5
  Use: Potion            |       |     1 |     1 ||     2
       Scroll            |       |     7 |     5 ||    12
  Eat: Chunk             |       |    10 |     6 ||    16
Armor: Scale mail        |   104 |   173 |       ||   277
       Chain mail        |       |       |    94 ||    94
Dodge: Dodged            |    64 |   119 |    68 ||   251
Block: Shield            |   114 |   174 |    81 ||   369
       Rpst.: Long sword |    25 |    35 |    10 ||    70
       Great sword       |       |       |     9 ||     9
